MAA
VIRGINIA BEACH DEUCES @ PORTSMOUTH COASTIES
08/02/2017
 
TOP OF THE 1ST
St. Petersburg Universe batting - Pitching for Elkford Roadrunners : LHP Chris Davidson
Pitching: LHP Chris Davidson
Batting: RHB Terry Gilmore 0-0: Ball
1-0: Ball
2-0: Ball
3-0: Called Strike
3-1: Base on Balls
Batting: LHB Michael Smith 0-0: Foul Ball, location: 2F
0-1: Called Strike
0-2: Ball
1-2: Ball
2-2: Foul Ball, location: 2F
2-2: Ball
3-2: Ground out 6-3 (Groundball, 6)
Terry Gilmore to second
Batting: LHB Juan Durán 0-0: Ball
1-0: SINGLE (Line Drive, 56)
Terry Gilmore to third
Runner from 3rd tries for Home, SAFE, no throw or cutoff
Batting: RHB Teddy Pelham 0-0: Swinging Strike
0-1: Ball
1-1: Ball
2-1: Ball
3-1: Foul Ball, location: 2F
3-2: Ground out 6-3 (Groundball, 6)
Juan Durán to second
Batting: RHB Travis Lee 0-0: Called Strike
0-1: Foul Ball, location: 2F
0-2: Ball
1-2: Foul Ball, location: 2F
1-2: Ball
2-2: Strikes out swinging
Top of the 1st over - 1 run(s), 1 hit(s), 0 error(s), 1 left on base; St. Petersburg 1 - Elkford 0
BOTTOM OF THE 1ST
Elkford Roadrunners batting - Pitching for St. Petersburg Universe : LHP Tim Holmes
Pitching: LHP Tim Holmes
Batting: RHB Joaquín Chávez 0-0: Ball
1-0: Foul Ball, location: 2F
1-1: Foul Ball, location: 2F
1-2: Strikes out swinging
Batting: SHB Al Anderson 0-0: Ball
1-0: Ball
2-0: Swinging Strike
2-1: Ball
3-1: Foul Ball, location: 2F
3-2: Foul Ball, location: 2F
3-2: Fly out, F9 (Flyball, 9M)
Batting: RHB Luis Silva 0-0: Swinging Strike
0-1: Foul Ball, location: 2F
0-2: Foul Ball, location: 2F
0-2: Fly out, F8 (Line Drive, 8LM)
Bottom of the 1st over - 0 run(s), 0 hit(s), 0 error(s), 0 left on base; St. Petersburg 1 - Elkford 0
TOP OF THE 2ND
St. Petersburg Universe batting - Pitching for Elkford Roadrunners : LHP Chris Davidson
Batting: LHB Curtis Peters 0-0: Foul Ball, location: 2F
0-1: Fly out, F9 (Flyball, 9M)
Batting: RHB John Howell 0-0: Called Strike
0-1: SINGLE (Line Drive, 6D)
Batting: SHB Arturo Robles 0-0: Ball
1-0: Fly out, F7 (Flyball, 78M)
Batting: RHB Júlio Santos 0-0: Swinging Strike
0-1: Ball
1-1: Swinging Strike
1-2: Ball
2-2: Strikes out looking
Top of the 2nd over - 0 run(s), 1 hit(s), 0 error(s), 1 left on base; St. Petersburg 1 - Elkford 0
BOTTOM OF THE 2ND
Elkford Roadrunners batting - Pitching for St. Petersburg Universe : LHP Tim Holmes
Batting: RHB Roberto Andrade 0-0: Fly out, F8 (Flyball, 78M)
Batting: RHB Jack O'Brien 0-0: Ball
1-0: Called Strike
1-1: Fly out, F6 (Popup, 6M)
Batting: RHB Steve McLeod 0-0: Ball
1-0: Swinging Strike
1-1: Called Strike
1-2: Foul Ball, location: 2F
1-2: Ball
2-2: Foul Ball, location: 2F
2-2: Strikes out looking
Bottom of the 2nd over - 0 run(s), 0 hit(s), 0 error(s), 0 left on base; St. Petersburg 1 - Elkford 0
TOP OF THE 3RD
St. Petersburg Universe batting - Pitching for Elkford Roadrunners : LHP Chris Davidson
Batting: RHB Terry Gilmore 0-0: Fly out, F1 (Popup, 13S)
Batting: LHB Michael Smith 0-0: Called Strike
0-1: Ball
1-1: Foul Ball, location: 2F
1-2: Strikes out swinging
Batting: LHB Juan Durán 0-0: Ball
1-0: Swinging Strike
1-1: Foul Ball, location: 2F
1-2: Strikes out swinging
Top of the 3rd over - 0 run(s), 0 hit(s), 0 error(s), 0 left on base; St. Petersburg 1 - Elkford 0
BOTTOM OF THE 3RD
Elkford Roadrunners batting - Pitching for St. Petersburg Universe : LHP Tim Holmes
Batting: LHB Johnny Hernández 0-0: Ball
1-0: Ball
2-0: Called Strike
2-1: Fly out, F7 (Flyball, 78M)
Batting: RHB Cal Jackson 0-0: Fly out, F7 (Line Drive, 7M)
Batting: RHB Michael Martin 0-0: Called Strike
0-1: Ball
1-1: Fly out, F5 (Line Drive, 5)
Bottom of the 3rd over - 0 run(s), 0 hit(s), 0 error(s), 0 left on base; St. Petersburg 1 - Elkford 0
TOP OF THE 4TH
St. Petersburg Universe batting - Pitching for Elkford Roadrunners : LHP Chris Davidson
Batting: RHB Teddy Pelham 0-0: Ball
1-0: Ball
2-0: Ball
3-0: Called Strike
3-1: Called Strike
3-2: Foul Ball, location: 2F
3-2: Base on Balls
Batting: RHB Travis Lee 0-0: Foul Ball, location: 2F
0-1: Called Strike
0-2: Ball
1-2: Ball
2-2: Ball
3-2: Foul Ball, location: 2F
3-2: Foul Ball, location: 2F
3-2: Foul Ball, location: 2F
3-2: Foul Ball, location: 2F
3-2: Base on Balls
Teddy Pelham to second
Batting: LHB Curtis Peters 0-0: Fly out, F8 (Popup, 8LS)
Batting: RHB John Howell 0-0: Ball
1-0: Fielders Choice at 2nd, 6-4 (Groundball, 6M)
Teddy Pelham to third
Batting: SHB Arturo Robles 0-0: Ball
1-0: Fielders Choice at 2nd, 6-4 (Groundball, 6)
Top of the 4th over - 0 run(s), 0 hit(s), 0 error(s), 1 left on base; St. Petersburg 1 - Elkford 0
BOTTOM OF THE 4TH
Elkford Roadrunners batting - Pitching for St. Petersburg Universe : LHP Tim Holmes
Batting: RHB Joaquín Chávez 0-0: Fly out, F8 (Flyball, 8RS)
Batting: SHB Al Anderson 0-0: Ball
1-0: Fly out, F5 (Line Drive, 5L)
Batting: RHB Luis Silva 0-0: Foul Ball, location: 2F
0-1: Foul Ball, location: 2F
0-2: Ball
1-2: Foul Ball, location: 2F
1-2: Strikes out looking
Bottom of the 4th over - 0 run(s), 0 hit(s), 0 error(s), 0 left on base; St. Petersburg 1 - Elkford 0
TOP OF THE 5TH
St. Petersburg Universe batting - Pitching for Elkford Roadrunners : LHP Chris Davidson
Batting: RHB Júlio Santos 0-0: Ball
1-0: Called Strike
1-1: Ball
2-1: Ball
3-1: Ground out 4-3 (Groundball, 4M)
Batting: RHB Terry Gilmore 0-0: Ball
1-0: Swinging Strike
1-1: Foul Ball, location: 2F
1-2: Fly out, F8 (Flyball, 8RM)
Batting: LHB Michael Smith 0-0: Called Strike
0-1: Ball
1-1: Fly out, F8 (Flyball, 8RM)
Top of the 5th over - 0 run(s), 0 hit(s), 0 error(s), 0 left on base; St. Petersburg 1 - Elkford 0
BOTTOM OF THE 5TH
Elkford Roadrunners batting - Pitching for St. Petersburg Universe : LHP Tim Holmes
Batting: RHB Roberto Andrade 0-0: DOUBLE (Line Drive, 78M)
Batting: RHB Jack O'Brien 0-0: Ball
1-0: Ball
2-0: Fly out, F6 (Line Drive, 6M)
Batting: RHB Steve McLeod 0-0: Ball
1-0: Foul Ball, location: 2F
1-1: Ball
2-1: Ball
3-1: Swinging Strike
3-2: Strikes out swinging
Batting: LHB Johnny Hernández 0-0: Swinging Strike
0-1: Ball
1-1: Fly out, F8 (Flyball, 8LM)
Bottom of the 5th over - 0 run(s), 1 hit(s), 0 error(s), 1 left on base; St. Petersburg 1 - Elkford 0
TOP OF THE 6TH
St. Petersburg Universe batting - Pitching for Elkford Roadrunners : LHP Chris Davidson
Batting: LHB Juan Durán 0-0: Called Strike
0-1: Ball
1-1: Called Strike
1-2: Foul Ball, location: 2F
1-2: Foul Ball, location: 2F
1-2: Ball
2-2: Ground out 4-3 (Groundball, 34)
Batting: RHB Teddy Pelham 0-0: Ball
1-0: Ball
2-0: Foul Ball, location: 2F
2-1: SINGLE (Line Drive, 56D)
Batting: RHB Travis Lee 0-0: Swinging Strike
0-1: Foul Ball, location: 2F
0-2: Strikes out swinging
Batting: LHB Curtis Peters 0-0: Swinging Strike
0-1: Swinging Strike
0-2: Ground out 3-1 (Groundball, 34S)
Top of the 6th over - 0 run(s), 1 hit(s), 0 error(s), 1 left on base; St. Petersburg 1 - Elkford 0
BOTTOM OF THE 6TH
Elkford Roadrunners batting - Pitching for St. Petersburg Universe : LHP Tim Holmes
Batting: RHB Cal Jackson 0-0: Ball
1-0: Ball
2-0: Foul Ball, location: 2F
2-1: Foul Ball, location: 2F
2-2: Strikes out swinging
Batting: RHB Michael Martin 0-0: Called Strike
0-1: Ball
1-1: Fly out, F6 (Popup, 6)
Batting: RHB Joaquín Chávez 0-0: Ball
1-0: Ball
2-0: Foul Ball, location: 2F
2-1: Foul Ball, location: 2F
2-2: SINGLE (Flyball, 8LS)
Batting: SHB Al Anderson 0-0: Called Strike
0-1: Ball
1-1: Fly out, F9 (Line Drive, 89M)
Bottom of the 6th over - 0 run(s), 1 hit(s), 0 error(s), 1 left on base; St. Petersburg 1 - Elkford 0
TOP OF THE 7TH
St. Petersburg Universe batting - Pitching for Elkford Roadrunners : LHP Chris Davidson
Batting: RHB John Howell 0-0: Foul Ball, location: 2F
0-1: Ball
1-1: Ball
2-1: Fly out, F8 (Flyball, 8LM)
Batting: SHB Arturo Robles 0-0: Called Strike
0-1: Called Strike
0-2: Foul Ball, location: 2F
0-2: SINGLE (Line Drive, 56D)
Pitching: RHP Mike Derdire
Batting: RHB Júlio Santos 0-0: SINGLE (Groundball, 6MD)
Arturo Robles to second
Pinch Hitting: RHB Denis Taylor 0-0: Foul Ball, location: 2F
0-1: Ball
1-1: SINGLE (Groundball, 56)
Arturo Robles to third
Júlio Santos to second
Runner from 3rd tries for Home, SAFE, no throw or cutoff
Batting: LHB Michael Smith 0-0: Ball
1-0: Swinging Strike
1-1: Ball
2-1: Fly out, F5 (Popup, 13S)
Pinch Hitting: RHB Daniel Cooper 0-0: Called Strike
0-1: Swinging Strike
0-2: Strikes out swinging
Top of the 7th over - 1 run(s), 3 hit(s), 0 error(s), 2 left on base; St. Petersburg 2 - Elkford 0
BOTTOM OF THE 7TH
Elkford Roadrunners batting - Pitching for St. Petersburg Universe : LHP Tim Holmes
Now in LF: Daniel Cooper
Now in CF: Jeffrey Avery
Batting: RHB Luis Silva 0-0: Foul Ball, location: 2F
0-1: Ball
1-1: Fly out, F8 (Flyball, 8RM)
Batting: RHB Roberto Andrade 0-0: Called Strike
0-1: SINGLE (Line Drive, 8RS)
Batting: RHB Jack O'Brien 0-0: Called Strike
0-1: Ball
1-1: Fly out, F5 (Popup, 56S)
Batting: RHB Steve McLeod 0-0: Ball
1-0: Ball
Roberto Andrade is caught stealing 2nd base
Bottom of the 7th over - 0 run(s), 1 hit(s), 0 error(s), 0 left on base; St. Petersburg 2 - Elkford 0
TOP OF THE 8TH
St. Petersburg Universe batting - Pitching for Elkford Roadrunners : RHP Mike Derdire
Batting: RHB Teddy Pelham 0-0: Ball
1-0: Ball
2-0: Called Strike
2-1: Swinging Strike
2-2: Foul Ball, location: 2F
2-2: Foul Ball, location: 2F
2-2: Strikes out swinging
Batting: RHB Travis Lee 0-0: Ball
1-0: Swinging Strike
1-1: Foul Ball, location: 2F
1-2: Ball
2-2: Foul Ball, location: 2F
2-2: Ball
3-2: Ground out 4-3 (Groundball, 4M)
Batting: LHB Curtis Peters 0-0: Foul Ball, location: 2F
0-1: Ball
1-1: Fly out, F9 (Line Drive, 9M)
Top of the 8th over - 0 run(s), 0 hit(s), 0 error(s), 0 left on base; St. Petersburg 2 - Elkford 0
BOTTOM OF THE 8TH
Elkford Roadrunners batting - Pitching for St. Petersburg Universe : LHP Tim Holmes
Batting: RHB Steve McLeod 0-0: Called Strike
0-1: Fly out, F7 (Flyball, 7LM)
Batting: LHB Johnny Hernández 0-0: Fly out, F7 (Line Drive, 7M)
Batting: RHB Cal Jackson 0-0: Ball
1-0: Called Strike
1-1: Ball
2-1: Fly out, F7 (Flyball, 78M)
Bottom of the 8th over - 0 run(s), 0 hit(s), 0 error(s), 0 left on base; St. Petersburg 2 - Elkford 0
TOP OF THE 9TH
St. Petersburg Universe batting - Pitching for Elkford Roadrunners : RHP Mike Derdire
Batting: RHB John Howell 0-0: Called Strike
0-1: Called Strike
0-2: Strikes out looking
Batting: SHB Arturo Robles 0-0: Ball
1-0: Ball
2-0: Ball
3-0: Base on Balls
Batting: RHB Júlio Santos 0-0: Ground out 5-3 (Groundball, 56S)
Arturo Robles to second
Batting: RHB Jeffrey Avery 0-0: Ball
1-0: Ball
2-0: Called Strike
2-1: Ball
3-1: Base on Balls
Batting: LHB Michael Smith 0-0: Foul Ball, location: 2F
0-1: Called Strike
0-2: SINGLE (Groundball, 56D)
Arturo Robles to third
Jeffrey Avery to second
Runner from 3rd tries for Home, SAFE, no throw or cutoff
Batting: RHB Daniel Cooper 0-0: Ball
1-0: Called Strike
1-1: Ball
2-1: Ball
3-1: Fielders Choice at 2nd, U4 (Groundball, 4M)
Top of the 9th over - 1 run(s), 1 hit(s), 0 error(s), 2 left on base; St. Petersburg 3 - Elkford 0
BOTTOM OF THE 9TH
Elkford Roadrunners batting - Pitching for St. Petersburg Universe : LHP Tim Holmes
Pitching: LHP Jesús Gonzáles
Batting: RHB Michael Martin 0-0: Ball
1-0: Ball
2-0: Called Strike
2-1: Swinging Strike
2-2: Fly out, F8 (Flyball, 8RM)
Batting: RHB Joaquín Chávez 0-0: Called Strike
0-1: Foul Ball, location: 2F
0-2: Fly out, F7 (Flyball, 7M)
Batting: SHB Al Anderson 0-0: Ball
1-0: SINGLE (Line Drive, 89S)
Batting: RHB Luis Silva 0-0: Called Strike
0-1: Ball
1-1: Ball
2-1: Called Strike
2-2: Strikes out swinging
Bottom of the 9th over - 0 run(s), 1 hit(s), 0 error(s), 1 left on base; St. Petersburg 3 - Elkford 0
This league is powered by Out of the Park Baseball, the baseball management simulation game for PC, Mac and Linux
Saturday, February 27th, 2021 - OOTP Baseball 15.6 Build 34